MWL (24 & UNDER)
PLUMSTEAD EAGLES @ EVANSTON ELITISTS
05/06/2030
 
TOP OF THE 1ST
Plumstead Eagles batting - Pitching for Evanston Elitists : RHP Nick Raines
Pitching: RHP Nick Raines
Batting: LHB Mauro López 0-0: Called Strike
0-1: Called Strike
0-2: Foul Ball, location: 2F
0-2: Strikes out swinging
Batting: RHB Wayne Workman 0-0: Ball
1-0: Called Strike
1-1: Ball
2-1: Swinging Strike
2-2: Ground out 4-3 (Groundball, 4)
Batting: LHB Conan Bush 0-0: Called Strike
0-1: Called Strike
0-2: Ball
1-2: Foul Ball, location: 2F
1-2: Ground out U3 (Groundball, 3S)
Top of the 1st over - 0 runs, 0 hits, 0 errors, 0 left on base; Plumstead 0 - Evanston 0
BOTTOM OF THE 1ST
Evanston Elitists batting - Pitching for Plumstead Eagles : LHP Jake Davis
Pitching: LHP Jake Davis
Batting: SHB Troy Abreu 0-0: Ball
1-0: Ground out U3 (Groundball, 34)
Batting: SHB Esteban Aliaga 0-0: SINGLE (Groundball, 6D)
Batting: RHB Greg Nichols 0-0: Ball
1-0: Foul Ball, location: 2F
1-1: Foul Ball, location: 2F
1-2: Ball
2-2: Strikes out swinging
Batting: SHB Ryan Roberts 0-0: Foul Ball, location: 2F
0-1: SINGLE (Line Drive, 34)
Esteban Aliaga to second
Runner from 2nd tries for 3rd, SAFE, no throw
Batting: RHB Cristóbal Calderón 0-0: Ball
1-0: Foul Ball, location: 2F
1-1: Ball
2-1: Foul Ball, location: 2F
2-2: Fly out, F3 (Popup, 34S)
Bottom of the 1st over - 0 runs, 2 hits, 0 errors, 2 left on base; Plumstead 0 - Evanston 0
TOP OF THE 2ND
Plumstead Eagles batting - Pitching for Evanston Elitists : RHP Nick Raines
Batting: LHB Jerry Tolbert 0-0: Foul Ball, location: 2F
0-1: Swinging Strike
0-2: Foul Ball, location: 2F
0-2: Ball
1-2: Ground out U3 (Groundball, 34S)
Batting: SHB Joaquín Gilera 0-0: Called Strike
0-1: Ball
1-1: SINGLE (Line Drive, 3D)
Batting: SHB José Rincón 0-0: Ball
1-0: Ball
2-0: Ball
3-0: Called Strike
3-1: Base on Balls
Joaquín Gilera to second
Batting: LHB Joe Rutherford 0-0: Fielders Choice at 2nd, 2-4 (Groundball, 2L)
Joaquín Gilera to third
Batting: LHB José Marín 0-0: Ball
1-0: Ball
2-0: Fly out, F7 (Flyball, 7LD)
Top of the 2nd over - 0 runs, 1 hit, 0 errors, 2 left on base; Plumstead 0 - Evanston 0
BOTTOM OF THE 2ND
Evanston Elitists batting - Pitching for Plumstead Eagles : LHP Jake Davis
Batting: RHB Troy Johnson 0-0: Ball
1-0: Ball
2-0: Ball
3-0: Called Strike
3-1: Called Strike
3-2: Fly out, F5 (Line Drive, 56)
Batting: RHB Chris Barker 0-0: Ground out 4-3 (Groundball, 4)
Batting: RHB Henry Morris 0-0: Swinging Strike
0-1: Called Strike
0-2: Foul Ball, location: 2F
0-2: Ball
1-2: Foul Ball, location: 2F
1-2: Strikes out swinging
Bottom of the 2nd over - 0 runs, 0 hits, 0 errors, 0 left on base; Plumstead 0 - Evanston 0
TOP OF THE 3RD
Plumstead Eagles batting - Pitching for Evanston Elitists : RHP Nick Raines
Batting: LHB António Álvarez 0-0: Ball
1-0: Hit by Pitch
Batting: LHB Mauro López 0-0: Grounds into double play, 5-4-3 (Groundball, 5L)
Batting: RHB Wayne Workman 0-0: Called Strike
0-1: Called Strike
0-2: Ground out 5-3 (Groundball, 56)
Top of the 3rd over - 0 runs, 0 hits, 0 errors, 0 left on base; Plumstead 0 - Evanston 0
BOTTOM OF THE 3RD
Evanston Elitists batting - Pitching for Plumstead Eagles : LHP Jake Davis
Batting: RHB Zhong-xian Pai 0-0: SINGLE (Groundball, 56D)
Batting: SHB Troy Abreu 0-0: Ball
1-0: Ball
2-0: Called Strike
2-1: Ball
Wild Pitch!
Zhong-xian Pai to second
3-1: SINGLE (Groundball, 5D)
Zhong-xian Pai to third
Runner from 3rd tries for Home, SAFE, no throw
Batting: SHB Esteban Aliaga 0-0: Ball
1-0: Swinging Strike
1-1: Fielders Choice at 2nd, 6-4 (Groundball, 6)
Batting: RHB Greg Nichols 0-0: Swinging Strike
0-1: Foul Ball, location: 2F
0-2: Foul Ball, location: 2F
0-2: Ball
1-2: Reached on error, E5 (Groundball, 56)
Esteban Aliaga to second
Batting: SHB Ryan Roberts 0-0: Called Strike
0-1: Ball
1-1: Called Strike
1-2: Strikes out swinging
Batting: RHB Cristóbal Calderón 0-0: Called Strike
0-1: Ball
1-1: Fielders Choice at 2nd, 6-4 (Groundball, 6)
Bottom of the 3rd over - 1 run, 2 hits, 1 error, 2 left on base; Plumstead 0 - Evanston 1
TOP OF THE 4TH
Plumstead Eagles batting - Pitching for Evanston Elitists : RHP Nick Raines
Batting: LHB Conan Bush 0-0: Fly out, F9 (Flyball, 9D)
Batting: LHB Jerry Tolbert 0-0: Called Strike
0-1: Ground out 4-3 (Groundball, 4)
Batting: SHB Joaquín Gilera 0-0: Swinging Strike
0-1: Called Strike
0-2: Ball
1-2: Strikes out swinging
Top of the 4th over - 0 runs, 0 hits, 0 errors, 0 left on base; Plumstead 0 - Evanston 1
BOTTOM OF THE 4TH
Evanston Elitists batting - Pitching for Plumstead Eagles : LHP Jake Davis
Batting: RHB Troy Johnson 0-0: Ground out 1-3 (Groundball, 13)
Batting: RHB Chris Barker 0-0: Called Strike
0-1: Swinging Strike
0-2: Ball
1-2: Strikes out swinging
Batting: RHB Henry Morris 0-0: Called Strike
0-1: Ball
1-1: Ball
2-1: SINGLE (Flyball, 9S)
Batting: RHB Zhong-xian Pai 0-0: Ball
1-0: Called Strike
1-1: Called Strike
1-2: Strikes out swinging, 2-3 out at first.
Bottom of the 4th over - 0 runs, 1 hit, 0 errors, 1 left on base; Plumstead 0 - Evanston 1
TOP OF THE 5TH
Plumstead Eagles batting - Pitching for Evanston Elitists : RHP Nick Raines
Batting: SHB José Rincón 0-0: Foul Ball, location: 2F
0-1: Ball
1-1: Ground out 6-3 (Groundball, 6S)
Batting: LHB Joe Rutherford 0-0: Ball
1-0: Ground out 5-3 (Groundball, 56)
Batting: LHB José Marín 0-0: Foul Ball, location: 2F
0-1: Ball
1-1: Foul Ball, location: 2F
1-2: Strikes out looking
Top of the 5th over - 0 runs, 0 hits, 0 errors, 0 left on base; Plumstead 0 - Evanston 1
BOTTOM OF THE 5TH
Evanston Elitists batting - Pitching for Plumstead Eagles : LHP Jake Davis
Batting: SHB Troy Abreu 0-0: Called Strike
0-1: Swinging Strike
0-2: Ball
1-2: Strikes out looking
Batting: SHB Esteban Aliaga 0-0: Called Strike
0-1: Ball
1-1: Ball
2-1: Ground out 6-3 (Groundball, 6D)
Batting: RHB Greg Nichols 0-0: Ball
1-0: Ball
2-0: Swinging Strike
2-1: Fly out, F9 (Flyball, 9LSF)
Bottom of the 5th over - 0 runs, 0 hits, 0 errors, 0 left on base; Plumstead 0 - Evanston 1
TOP OF THE 6TH
Plumstead Eagles batting - Pitching for Evanston Elitists : RHP Nick Raines
Batting: LHB António Álvarez 0-0: Called Strike
0-1: Ball
1-1: Foul Ball, location: 2F
1-2: Strikes out swinging
Batting: LHB Mauro López 0-0: Called Strike
0-1: Ground out 4-3 (Groundball, 34)
Batting: RHB Wayne Workman 0-0: Ball
1-0: Ball
2-0: Ground out 6-3 (Groundball, 6)
Top of the 6th over - 0 runs, 0 hits, 0 errors, 0 left on base; Plumstead 0 - Evanston 1
BOTTOM OF THE 6TH
Evanston Elitists batting - Pitching for Plumstead Eagles : LHP Jake Davis
Batting: SHB Ryan Roberts 0-0: Ball
1-0: Ball
2-0: Called Strike
2-1: Ball
3-1: Base on Balls
Batting: RHB Cristóbal Calderón 0-0: Ball
1-0: Called Strike
1-1: Hit by Pitch
Ryan Roberts to second
Pitching: RHP Broderick Miller
Batting: RHB Troy Johnson 0-0: Called Strike
0-1: Foul Ball, location: 2F
0-2: Foul Ball, location: 2F
0-2: Ball
1-2: Foul Ball, location: 2F
1-2: Fly out, F9 (Flyball, 89D)
Runner from 2nd tags up, SAFE at 3rd, no throw
Batting: RHB Chris Barker 0-0: DOUBLE (Line Drive, 89S)
Ryan Roberts scores
Cristóbal Calderón to third
Runner from 3rd tries for Home, SAFE, throw made at trailing runner, OUT at third!
Batting: RHB Henry Morris 0-0: Ball
1-0: Foul Ball, location: 2F
1-1: Foul Ball, location: 2F
1-2: SINGLE (Groundball, 4D)
Batting: RHB Zhong-xian Pai 0-0: Called Strike
0-1: Ball
1-1: Ball
2-1: Ball
3-1: Foul Ball, location: 2F
3-2: Foul Ball, location: 2F
3-2: Base on Balls
Henry Morris to second
Batting: SHB Troy Abreu 0-0: Ball
1-0: Called Strike
1-1: Ball
2-1: Ball
3-1: SINGLE (Line Drive, 8RS)
Henry Morris to third
Zhong-xian Pai to second
Batting: SHB Esteban Aliaga 0-0: Fielders Choice at 2nd, 6-4 (Groundball, 6)
Bottom of the 6th over - 2 runs, 3 hits, 0 errors, 3 left on base; Plumstead 0 - Evanston 3
TOP OF THE 7TH
Plumstead Eagles batting - Pitching for Evanston Elitists : RHP Nick Raines
Batting: LHB Conan Bush 0-0: Ball
1-0: Ball
2-0: Ball
3-0: Called Strike
3-1: Base on Balls
Batting: LHB Jerry Tolbert 0-0: SINGLE (Flyball, 7LS)
Conan Bush to second
Batting: SHB Joaquín Gilera 0-0: Ball
1-0: Called Strike
1-1: Ball
2-1: Foul Ball, location: 2F
2-2: Ground out U3 (Groundball, 34S)
Conan Bush to third
Jerry Tolbert to second
Batting: SHB José Rincón 0-0: Swinging Strike
0-1: Called Strike
0-2: Strikes out swinging
Batting: LHB Joe Rutherford 0-0: SINGLE (Groundball, 56D)
Conan Bush scores
Jerry Tolbert to third
Runner from 3rd tries for Home, SAFE, no throw
Pinch Hitting: LHB Roberto Rodríguez 0-0: 2-RUN HOME RUN (Flyball, 9D), Distance : 391 ft
Pitching: LHP José Alonso
Batting: LHB António Álvarez 0-0: Swinging Strike
0-1: Foul Ball, location: 2F
0-2: Ball
1-2: Foul Ball, location: 2F
1-2: Strikes out swinging
Top of the 7th over - 4 runs, 3 hits, 0 errors, 0 left on base; Plumstead 4 - Evanston 3
BOTTOM OF THE 7TH
Evanston Elitists batting - Pitching for Plumstead Eagles : RHP Broderick Miller
Now at SS: José Acuña
Batting: RHB Greg Nichols 0-0: Fly out, F7 (Flyball, 7D)
Batting: SHB Ryan Roberts 0-0: Called Strike
0-1: Ball
1-1: Swinging Strike
1-2: TRIPLE (Flyball, 8RXD)
Batting: RHB Cristóbal Calderón 0-0: Ball
1-0: Swinging Strike
1-1: Foul Ball, location: 2F
1-2: Ground out U3 (Groundball, 3)
Batting: RHB Troy Johnson 0-0: Called Strike
0-1: Ball
1-1: 2-RUN HOME RUN (Flyball, 9LD), Distance : 348 ft
Pitching: LHP Luis Hernández
Batting: RHB Chris Barker 0-0: Foul Ball, location: 2F
0-1: Swinging Strike
0-2: Ball
1-2: Ball
2-2: Fly out, F6 (Popup, 6MS)
Bottom of the 7th over - 2 runs, 2 hits, 0 errors, 0 left on base; Plumstead 4 - Evanston 5
TOP OF THE 8TH
Plumstead Eagles batting - Pitching for Evanston Elitists : LHP José Alonso
Batting: LHB Mauro López 0-0: Called Strike
0-1: Called Strike
0-2: Foul Ball, location: 2F
0-2: SINGLE (Groundball, 5D)
Pitching: RHP Xavier Feliciano
Batting: RHB Wayne Workman 0-0: Ball
Pickoff Throw to First - Error! E1
Mauro López to second
1-0: Ball
2-0: Ball
3-0: Called Strike
3-1: TRIPLE (Line Drive, 8RXD)
Mauro López scores
Batting: LHB Conan Bush 0-0: Ball
1-0: SINGLE (Line Drive, 34D)
Wayne Workman scores
Batting: LHB Jerry Tolbert Error on foul ball, E3
0-1: Ball
1-1: Ball
2-1: Called Strike
2-2: Ball
3-2: Foul Ball, location: 2F
3-2: Strikes out swinging
Batting: SHB Joaquín Gilera 0-0: Called Strike
0-1: Ball
1-1: Called Strike
1-2: Ball
2-2: Ball
3-2: Base on Balls
Conan Bush to second
Batting: SHB José Rincón 0-0: Ball
1-0: Reached on error, E1 (Groundball, P)
Conan Bush to third
Joaquín Gilera to second
Batting: LHB Joe Rutherford 0-0: Ball
1-0: Swinging Strike
1-1: Ball
2-1: Foul Ball, location: 2F
2-2: Strikes out looking
Pinch Hitting: RHB José Gonzáles 0-0: Called Strike
0-1: Ball
1-1: SINGLE (Groundball, 56D)
Conan Bush scores
Joaquín Gilera to third
José Rincón to second
Runner from 3rd tries for Home, SAFE, no throw
Batting: LHB António Álvarez 0-0: Swinging Strike
0-1: Ball
1-1: Swinging Strike
1-2: Ground out U3 (Groundball, 3)
Top of the 8th over - 4 runs, 4 hits, 3 errors, 2 left on base; Plumstead 8 - Evanston 5
BOTTOM OF THE 8TH
Evanston Elitists batting - Pitching for Plumstead Eagles : LHP Luis Hernández
Now at SS: Mason Melton
Batting: RHB Henry Morris 0-0: Ball
1-0: Ball
2-0: SINGLE (Groundball, 56D)
Batting: RHB Zhong-xian Pai 0-0: Called Strike
0-1: Ball
1-1: Fielders Choice at 2nd, 5-4 (Groundball, 5)
Batting: SHB Troy Abreu 0-0: Ball
1-0: Swinging Strike
1-1: Ball
Wild Pitch!
Zhong-xian Pai to second
2-1: Foul Ball, location: 2F
2-2: Ball
3-2: Strikes out swinging
Batting: SHB Esteban Aliaga 0-0: Ground out 6-3 (Groundball, 56D)
Bottom of the 8th over - 0 runs, 1 hit, 0 errors, 1 left on base; Plumstead 8 - Evanston 5
TOP OF THE 9TH
Plumstead Eagles batting - Pitching for Evanston Elitists : RHP Xavier Feliciano
Batting: LHB Mauro López 0-0: Fly out, F8 (Flyball, 8LD)
Batting: RHB Wayne Workman 0-0: Called Strike
0-1: Foul Ball, location: 2F
0-2: Strikes out swinging
Batting: LHB Conan Bush 0-0: Called Strike
0-1: Ball
1-1: Ball
2-1: Foul Ball, location: 2F
2-2: SINGLE (Groundball, 3D)
Batting: LHB Jerry Tolbert 0-0: Ball
1-0: Ball
2-0: Called Strike
2-1: Ball
3-1: Called Strike
3-2: Strikes out swinging
Top of the 9th over - 0 runs, 1 hit, 0 errors, 1 left on base; Plumstead 8 - Evanston 5
BOTTOM OF THE 9TH
Evanston Elitists batting - Pitching for Plumstead Eagles : LHP Luis Hernández
Pitching: RHP Michael Knight
Batting: RHB Greg Nichols 0-0: Swinging Strike
0-1: Ball
1-1: Foul Ball, location: 2F
1-2: Strikes out looking
Batting: SHB Ryan Roberts 0-0: Ball
1-0: Ball
2-0: Called Strike
2-1: Ball
3-1: Called Strike
3-2: Strikes out swinging
Batting: RHB Cristóbal Calderón 0-0: Ball
1-0: Ball
2-0: Called Strike
2-1: Called Strike
2-2: Foul Ball, location: 2F
2-2: Ball
3-2: Foul Ball, location: 2F
3-2: Strikes out looking
Bottom of the 9th over - 0 runs, 0 hits, 0 errors, 0 left on base; Plumstead 8 - Evanston 5
Saturday, April 7th, 2018 - OOTP Baseball 18.8 Build 76